 Dungeon Crawl Stone Soup version 0.31-a0-446-g07c4bd200f (webtiles) character file.

Game seed: 15633051120157513458

28 Ethylacetat the Insei (level 3, -1/20 HPs)
             Began as a Vine Stalker Monk on Aug 2, 2023.
             Was a Believer of Vehumet.
             Slain by Terence
             ... wielding a +0 flail
              (7 damage)
             ... on level 2 of the Dungeon.
             The game lasted 00:01:07 (796 turns).

Ethylacetat the Insei (Vine Stalker Monk)            Turns: 796, Time: 00:01:08

Health: -1/20      AC:  2    Str: 13    XL:     3   Next: 12%
Magic:  0/4        EV: 13    Int: 10    God:    Vehumet [**....]
Gold:   50         SH:  0    Dex: 18    Spells: 2/2 levels left

rFire   . .          .
                       - Unarmed
rCold   . . .        c - orb {light}
rNeg    . . .        a - +0 robe
rPois   .            (no helmet)
rElec   .            (no cloak)
rCorr   .            (no gloves)
SInv    .            (no boots)
Will    .....        (no amulet)
Stlth   +            (no ring)
HPRegen 0.23/turn    (no ring)
MPRegen 0.09/turn

%: guardian spirit
@: glowing
A: fangs 2, magic shield, antimagic bite, no potion heal 2
a: Renounce Religion


You were on level 2 of the Dungeon.
You worshipped Vehumet.
Vehumet was pleased with you.
You visited 1 branch of the dungeon, and saw 2 of its levels.

You collected 94 gold pieces.
You spent 44 gold pieces at shops.

Inventory:

Armour
 a - a +0 robe (worn)
 c - an orb of light (worn)
Scrolls
 d - 2 scrolls of identify {unknown}
 e - a scroll of vulnerability {unknown}
 f - 2 scrolls of fear {unknown}
 g - a scroll of silence {unknown}
 h - a scroll of poison
 i - a scroll of fog {unknown}
Potions
 b - a potion of ambrosia


   Skills:
 + Level 3.1 Fighting
 - Level 2.8 Dodging
 * Level 3.4 Unarmed Combat
 + Level 0.0 Spellcasting


You had 2 spell levels left.
You didn't know any spells.
Your spell library was empty.

Dungeon Overview and Level Annotations

Branches:
Dungeon (2/15)

Altars:
Vehumet

Shops:
D:1 *

Annotations:
D:2 Terence


Innate Abilities, Weirdness & Mutations

You have extremely sharp teeth.
When hurt, damage is shared between your health and your magic reserves.
Your bite disrupts and absorbs the magic of your enemies.
Potions cannot restore your health.


Message History

Terence is heavily wounded.
Terence hits you with a +0 flail.
You hit Terence but do no damage. You bite Terence, but do no damage.
Terence is heavily wounded.
Terence barely misses you.
You hit Terence but do no damage.
Terence is heavily wounded.
Terence completely misses you.
You hit Terence but do no damage.
Terence is heavily wounded.
Terence hits you with a +0 flail.
* * * LOW HITPOINT WARNING * * *
You hit Terence but do no damage. You bite Terence, but do no damage.
Terence is heavily wounded.
Terence barely misses you.
You hit Terence but do no damage. You bite Terence, but do no damage.
Terence is heavily wounded.
Terence hits you with a +0 flail.
* * * LOW HITPOINT WARNING * * *
You hit Terence.
Terence is heavily wounded.
You hit Terence. You bite Terence, but do no damage.
Terence is heavily wounded.
Terence misses you.
You hit Terence but do no damage. You bite Terence, but do no damage.
Terence is heavily wounded.
Terence closely misses you.
You hit Terence but do no damage. Your bite misses Terence.
Terence is heavily wounded.
Terence misses you.
You hit Terence. You bite Terence. You drain his power.
You feel invigorated.
Terence is severely wounded.
Terence closely misses you.
You hit Terence but do no damage.
Terence is severely wounded.
Terence hits you but does no damage.
You hit Terence but do no damage. You bite Terence, but do no damage.
Terence is severely wounded.
Terence hits you with a +0 flail!
You die...

###.#.##.##
#.....#...##
#..........#
#...........
#..##.......
.#####..##.......
...........##.#..
#######.......# #
##@####.#
#..@...# #.##.#.#
# #.#.# ..# # .##
. #.


You could see Terence.

Vanquished Creatures
  An adder (D:2)
  2 bats (D:1)
  2 endoplasms (D:1)
  3 hobgoblins
  2 frilled lizards (D:1)
  5 kobolds (D:1)
  2 rats (D:1)
17 creatures vanquished.

Notes
Turn   | Place    | Note
-------+----------+-------------------------------------------
     0 | D:1      | Ethylacetat the Vine Stalker Monk began the quest for the
                  | Orb.
     0 | D:1      | Reached XP level 1. HP: 11/11 MP: 2/2
    94 | D:1      | Reached XP level 2. HP: 13/16 MP: 3/3
   593 | D:1      | Noticed a snapping turtle
   593 | D:1      | Noticed a water moccasin
   594 | D:1      | Noticed a scorpion
   624 | D:1      | Found Poulukhli's General Store.
   633 | D:1      | Bought a scroll of poison for 44 gold pieces
   696 | D:1      | Found a faded altar of an unknown god.
   716 | D:1      | Prayed at the altar of an unknown god.
   716 | D:1      | Became a worshipper of Vehumet
   716 | D:1      | Reached * piety under Vehumet
   716 | D:1      | Offered knowledge of Freeze by Vehumet.
   716 | D:1      | Reached ** piety under Vehumet
   739 | D:2      | Reached XP level 3. HP: 20/20 MP: 4/4
   779 | D:2      | Noticed Terence
   796 | D:2      | Slain by Terence

Illustrated notes

Levels and vault maps discovered:
D:1:      onia_arrival_zoo_common, layout_loops_ring,
          shapermc_ecumenical_altar_pompeii, serial_shops, shop
D:2:      layout_loops_cross, kennysheep_crisscross, uniq_terence

Skill      XL: |  1  2 |
---------------+-------+-----
Fighting       | 3 |  3.1
Dodging        | |  2.8
Unarmed Combat | |  3.4

Action                     || total
---------------------------++-------
  Melee: Unarmed           ||    58
         Bite              ||    16
 Armour: Robe              ||    10
  Dodge: Dodged            ||    36

Table legend: (Time is in decaauts)
 A = Elapsed time spent in this place.
 B = Non-inter-level travel time spent in this place.
 C = Inter-level travel time spent in this place.
 D = Time resting spent in this place.
 E = Time spent auto-exploring this place.
 F = Levels seen in this place.
 G = Mean time per level.
                   A        B        C        D        E       F      G
               +--------+--------+--------+--------+--------+-----+--------+
         Total |    792 |    782 |     10 |      0 |    654 |   2 |  396.0 |
       Dungeon |    792 |    782 |     10 |      0 |    654 |   2 |  396.0 |
               +--------+--------+--------+--------+--------+-----+--------+

Top non-repeatable levels by time:
     D:1: 726 daAuts
     D:2: 66 daAuts
